 Dungeon Crawl Stone Soup version 0.15.1-1-gfacfea3 (webtiles) character file.

2542 LordSUSHI the Grappler (level 9, -3/87 HPs)
             Began as a Troll Berserker on Sept 19, 2014.
             Was a High Priest of Trog.
             Splashed by an oklob plant's acid (18 damage)
             ... on Level 6 of the Dungeon.
             The game lasted 00:46:50 (5309 turns).

LordSUSHI the Grappler (Troll Berserker)            Turns: 5309, Time: 00:46:51

HP  -3/87        AC -2     Str 29      XL: 9   Next: 30%
MP   4/4         EV 12     Int  3      God: Trog [*****.]
Gold 275         SH  0     Dex 10      Spells:  0 memorised,  8 levels left

rFire  . . .     SeeInvis .     b - +8 quarterstaff (crush)
rCold  . . .     Clarity  .     l - +2 robe
rNeg   . . .     rCorr    .     (shield restricted)
rPois  .         rRot     .     (helmet restricted)
rElec  .         Spirit   .     v - +0 cloak
SustAb .         Warding  .     (gloves unavailable)
rMut   .         Stasis   .     (boots unavailable)
Gourm  +                        H - amulet of faith
MR     .....                    (no ring)
                                (no ring)

@: corroded equipment, not resistant to hostile enchantments, very unstealthy
A: unfitting armour, claws 3, fast metabolism 3, gourmand, regeneration 2,
saprovore 2, shaggy fur 1, tough skin 2
a: Burn Spellbooks, Berserk, Trog's Hand, Brothers in Arms, Renounce Religion


You were on level 6 of the Dungeon.
You worshipped Trog.
Trog was extremely pleased with you.
You were not hungry.

You visited 1 branch of the dungeon, and saw 6 of its levels.

You collected 275 gold pieces.

Inventory:

Hand weapons
 b - a +8 quarterstaff of crushing (weapon)
Missiles
 k - 93 stones (quivered)
 t - 2 tomahawks
Armour
 l - a +2 robe (worn)
 v - a +0 cloak (worn)
Magical devices
 c - a wand of invisibility (9)
 n - a wand of frost (7) {unknown}
 r - a wand of random effects (13) {unknown}
 D - a wand of frost (14) {unknown}
 E - a wand of lightning (7) {unknown}
 F - a wand of fire (5) {unknown}
Comestibles
 a - 6 meat rations
 f - 5 bread rations
 x - 2 fruits
Scrolls
 d - 3 scrolls of remove curse
 g - a scroll of blinking {unknown}
 h - a scroll of noise
 i - 5 scrolls of recharging
 m - 3 scrolls of teleportation
 s - 3 scrolls of identify
 z - a scroll of enchant weapon
Jewellery
 H - an amulet of faith (around neck)
Potions
 e - a potion of curing
 o - a potion of cancellation {unknown}
 p - a potion of degeneration {unknown}
 q - 2 potions of brilliance
 u - a potion of restore abilities {unknown}
 B - a potion of resistance {unknown}
 C - a potion of poison {unknown}
 G - a potion of haste {unknown}


   Skills:
 + Level 4.8 Fighting
 * Level 0.8 Staves
 - Level 3.0 Throwing
 + Level 6.5 Dodging
 - Level 8.9 Unarmed Combat


You had 8 spell levels left.
You didn't know any spells.

Dungeon Overview and Level Annotations

Branches:
Dungeon (6/15)             Temple (0/1) D:6

Altars:
Xom

Shops:
D:5 }((

Annotations:
D:6 exclusion: oklob plant


Innate Abilities, Weirdness & Mutations

You are too large for most types of armour.
You have claws for hands.
Your metabolism is lightning-fast.
You like to eat raw meat.
You heal very quickly.
You can eat rotten meat.
You are covered in fur (AC +1).
You have very tough skin (AC +2).


Message History

The oklob plant spits acid at you. The splash of acid hits you!
The acid corrodes your equipment!
The acid burns!
You see here 17 stones.
You hit the oklob plant but do no damage.
The oklob plant spits acid at you. The splash of acid hits you!
The acid burns!
You hit the oklob plant but do no damage.
The oklob plant spits acid at you. The splash of acid misses you.
The oklob plant spits acid at you. The splash of acid hits you!
The acid burns!
* * * LOW HITPOINT WARNING * * *
You hit the oklob plant but do no damage.
You hit the oklob plant.
The oklob plant is lightly damaged.
The oklob plant spits acid at you. The splash of acid hits you!
* * * LOW HITPOINT WARNING * * *
The acid burns!
You die...

.#.#.#******,*#####**
.#.#.# *,*#...# .#.#.#
*,##...## .#.#.#
*,#.....#### .#.#.#
*,#..P..#..# .#.#.#
*,#..(..#..#
.#.#.#######.##...##..#
.............##...##..#
..........>..###@###..#
#..#.#.#########.# #..#
#..#.#.........#.# #..#
.).#.#####***#...# #..#
)###.#,,,,,,,#.### #..#
.........,,###.#####..#
.###.###*,*#..........#
.# #..,,,,,##########.#
'#########** #.#


You could see an oklob plant.

Vanquished Creatures
  The ghost of teukkam the Grasshopper, an average HuWr (D:5)
  A deep elf mage (D:5)
  4 ogres
  A phantom (D:6)
  A sky beast (D:6)
  An orc warrior (D:6)
  The ghost of teukkam the Grasshopper, a weakling CeWr (D:4)
  A giant frog (D:6)
  5 wights (D:6)
  A crimson imp (D:6)
  An iguana (D:5)
  7 orc wizards
  5 orc priests
  7 jellies
  7 worker ants
  A giant frog skeleton (D:5)
  A gnoll shaman (D:5)
  A two-headed ogre skeleton (D:6)
  7 gnolls
  10 adders
  2 shadow imps (D:6)
  2 giant mites (D:5)
  5 worms
  2 adder skeletons
  5 giant geckos
  13 oozes (D:6)
  27 orcs
  5 giant cockroaches
  10 hobgoblins
  8 jackals
  A ball python (D:4)
  13 bats
  A giant newt (D:1)
  8 goblins
  A hobgoblin skeleton (D:4)
  A hobgoblin zombie (D:5)
  8 kobolds
  A kobold zombie (D:6)
  3 orc skeletons
  5 quokkas
  9 rats
  A rat skeleton (D:4)
  A rat zombie (D:6)
  4 butterflies (D:4)
200 creatures vanquished.

Vanquished Creatures (others)
  A bat (D:5)
  4 fungi (D:6)
5 creatures vanquished.

Grand Total: 205 creatures vanquished

Notes
Turn   | Place    | Note
--------------------------------------------------------------
     0 | D:1      | LordSUSHI, the Troll Berserker, began the quest for the Orb.
     0 | D:1      | Reached XP level 1. HP: 22/22 MP: 1/1
   118 | D:1      | Reached XP level 2. HP: 29/29 MP: 1/1
   531 | D:2      | Reached XP level 3. HP: 33/36 MP: 2/2
   700 | D:2      | Acquired Trog's second power
   700 | D:2      | Reached skill level 1 in Throwing
   917 | D:2      | Reached XP level 4. HP: 35/44 MP: 2/2
  1330 | D:3      | Reached skill level 4 in Unarmed Combat
  1577 | D:3      | Reached XP level 5. HP: 52/52 MP: 2/2
  1881 | D:4      | Noticed an ogre
  1892 | D:4      | Killed an ogre
  1984 | D:4      | Found a shimmering altar of Xom.
  2000 | D:4      | Reached XP level 6. HP: 58/61 MP: 3/3
  2006 | D:4      | Noticed teukkam's ghost (weakling CeWr)
  2028 | D:4      | Killed teukkam's ghost
  2171 | D:4      | Noticed an ogre
  2172 | D:4      | Noticed an ogre
  2195 | D:4      | Reached skill level 5 in Unarmed Combat
  2208 | D:4      | Killed an ogre
  2213 | D:4      | Killed an ogre
  2228 | D:4      | Reached XP level 7. HP: 62/67 MP: 3/3
  3165 | D:5      | Entered Level 5 of the Dungeon
  3202 | D:5      | Reached skill level 6 in Unarmed Combat
  3233 | D:5      | Noticed a deep elf mage
  3242 | D:5      | Killed a deep elf mage
  3503 | D:5      | Reached skill level 5 in Dodging
  3585 | D:5      | Reached XP level 8. HP: 78/78 MP: 3/3
  3594 | D:5      | Reached skill level 7 in Unarmed Combat
  3766 | D:5      | Noticed teukkam's ghost (average HuWr)
  3780 | D:5      | Killed teukkam's ghost
  3852 | D:5      | Acquired Trog's third power
  4041 | D:5      | Found Piatolit's Gadget Shoppe.
  4186 | D:5      | Found Pizoipy's Antique Weapon Emporium.
  4203 | D:5      | Found Twaiq's Antique Weapon Emporium.
  4332 | D:6      | Found a staircase to the Ecumenical Temple.
  4361 | D:6      | Reached skill level 8 in Unarmed Combat
  4516 | D:6      | Reached XP level 9. HP: 41/85 MP: 4/4
  5244 | D:6      | Received a gift from Trog
  5272 | D:6      | Noticed an oklob plant
  5309 | D:6      | Splashed by an oklob plant's acid

Action                   |  1- 3 |  4- 6 |  7- 9 || total
-------------------------+-------+-------+-------++-------
Melee: Unarmed           |    94 |   151 |   313 ||   558
       Quarterstaff      |       |       |    30 ||    30
Throw: Stone             |     8 |    31 |    59 ||    98
Invok: Berserk           |     1 |       |       ||     1
       Burn Spellbooks   |       |       |     1 ||     1
       Trog's Hand       |       |       |     1 ||     1
  Use: Potion            |       |       |     2 ||     2
       Scroll            |       |       |    11 ||    11
  Eat: Chunk             |    11 |     9 |    26 ||    46
       Beef jerky        |       |     1 |       ||     1
       Fruit             |       |       |     3 ||     3
